 Dungeon Crawl Stone Soup version 0.30-a0-632-g346586fe48 (webtiles) character file.

Game seed: 4021988340704842144

55 Leeroy the Slasher (level 3, -1/29 HPs)
             Began as a Merfolk Monk on Jan 13, 2023.
             Was a Priest of Lugonu.
             Killed from afar by a dart slug (4 damage)
             ... with a slug dart
             ... on level 3 of the Dungeon.
             The game lasted 00:02:58 (875 turns).

Leeroy the Slasher (Merfolk Monk)                    Turns: 875, Time: 00:02:59

Health: -1/29      AC:  2    Str: 11    XL:     3   Next: 93%
Magic:  3/3        EV: 17    Int:  9    God:    Lugonu [***...]
Gold:   22         SH:  0    Dex: 18    Spells: 2/2 levels left

rFire   . . .      SeeInvis .    a - +0 falchion
rCold   . . .      Faith    .    (no shield)
rNeg    . . .      Spirit   .    b - +0 robe
rPois   .          Reflect  .    (no helmet)
rElec   .          Harm     .    (no cloak)
rCorr   .          Rampage  .    (no gloves)
Will    .....                    (boots currently unavailable)
Stlth   +++                      (no amulet)
HPRegen 0.24/turn                (no ring)
MPRegen 0.08/turn                (no ring)

@: very quick
A: nimble swimmer 2, mertail
a: Renounce Religion, Depart the Abyss, Banish


You were on level 3 of the Dungeon.
You worshipped Lugonu.
Lugonu was most pleased with you.
You visited 1 branch of the dungeon, and saw 3 of its levels.

You collected 22 gold pieces.

Inventory:

Hand Weapons
 a - a +0 falchion (weapon)
Armour
 b - a +0 robe (worn)
 d - a +2 leather armour of fire resistance
Scrolls
 e - a scroll of fog {unknown}
 g - 2 scrolls of identify {unknown}
Potions
 c - a potion of ambrosia
 f - a potion of brilliance {unknown}
 h - a potion of magic {unknown}


   Skills:
 - Level 3.2 Fighting
 + Level 5.7 Long Blades
 - Level 4.0 Dodging
 - Level 2.1 Stealth


You had 2 spell levels left.
You didn't know any spells.
Your spell library was empty.

Dungeon Overview and Level Annotations

Branches:
Dungeon (3/15)

Altars:
Lugonu

Shops:
D:3 !

Annotations:
D:3 Robin


Innate Abilities, Weirdness & Mutations

You are very nimble when in or above water. (Stealth+, EV+, Speed+++)
Your lower body shifts to a powerful aquatic tail in water.


Message History

The goblin no longer looks unusually strong.
Robin roars a battlecry!
The goblins go into a battle-frenzy!
The goblin no longer looks unusually strong.
Robin says, "Bow before me, strongest of all the hobgoblins!"
The goblin no longer looks unusually strong.
The dart slug launches a dart at you. The slug dart misses you.
The slug dart hits the goblin.
The dart slug launches a dart at you. The slug dart misses you.
The slug dart hits the goblin.
The goblin shouts!
The dart slug launches a dart at you. The slug dart misses you.
The goblin no longer looks unusually strong.
The goblin no longer looks unusually strong. x2
Robin roars a battlecry!
The goblins go into a battle-frenzy!
The hobgoblin no longer looks unusually strong.
The dart slug launches a dart at you. The slug dart misses you.
The slug dart hits the goblin.
The goblin shouts!
You hear a shout!
The dart slug launches a dart at you. The slug dart hits you.
* * * LOW HITPOINT WARNING * * *
Robin says, "A pitiful Merfolk like you will never find the ORB!"
Robin roars a battlecry!
The hobgoblin goes into a battle-frenzy!
The dart slug launches a dart at you. The slug dart misses you.
The dart slug launches a dart at you. The slug dart misses you.
Robin roars a battlecry!
The goblin goes into a battle-frenzy!
The dart slug launches a dart at you. The slug dart hits you.
* * * LOW HITPOINT WARNING * * *
The dart slug launches a dart at you. The slug dart hits you.
You die...

####.....#≈≈≈~≈≈≈≈~~≈≈#
......)..~≈~#?≈#≈~~~~~~
#..≈≈~.~≈~...~...
#..†~~[....<.?8/(
#..)#)..~~...≈≈.~
##.)≈≈gog~~~~≈w≈#~
##.#)≈#≈≈≈~~≈≈≈≈≈≈
#...gg≈≈≈≈~≈≈≈≈≈#≈
#.#.#w≈@≈≈)~~≈≈≈≈~
#..#####≈≈≈≈~~≈g≈≈# #.#
##g~~~≈≈~≈.# #..
#...~gg~~##. ##.#
###...†#....
...######..#..###
.............###
.#...#..........
..#.#.......###.


You could see Robin, 2 dart slugs, an orc, a hobgoblin (strong) and 6 goblins.

Vanquished Creatures
  An adder (D:2)
  5 dart slugs (D:3)
  4 orcs (D:3)
  3 bats (D:1)
  An endoplasm (D:2)
  4 goblins (D:3)
  4 hobgoblins
  2 quokkas (D:1)
  A ball python (D:1)
  5 kobolds
30 creatures vanquished.

Vanquished Creatures (others)
  A goblin (D:3)
1 creature vanquished.

Grand Total: 31 creatures vanquished

Notes
Turn   | Place    | Note
-------+----------+-------------------------------------------
     0 | D:1      | Leeroy the Merfolk Monk began the quest for the Orb.
     0 | D:1      | Reached XP level 1. HP: 18/18 MP: 1/1
   145 | D:1      | Reached skill level 4 in Long Blades
   267 | D:1      | Reached XP level 2. HP: 24/24 MP: 2/2
   503 | D:1      | You fall into a shaft and drop 1 floor!
   503 | D:2      | Found a faded altar of an unknown god.
   528 | D:2      | Prayed at the altar of an unknown god.
   528 | D:2      | Became a worshipper of Lugonu the Unformed
   528 | D:2      | Reached * piety under Lugonu
   528 | D:2      | Reached ** piety under Lugonu
   585 | D:2      | HP: 1/24 [poisoned by an adder]
   713 | D:2      | Reached skill level 5 in Long Blades
   713 | D:2      | Reached XP level 3. HP: 28/29 MP: 3/3
   717 | D:3      | Found Tukutouw's Distillery.
   722 | D:3      | Reached *** piety under Lugonu
   783 | D:3      | Noticed Robin
   825 | D:3      | HP: 1/29 [dart slug/slug dart (1)]
   875 | D:3      | Killed from afar by a dart slug

Illustrated notes

Levels and vault maps discovered:
D:1:      saegor_arrival_simple_e, layout_loops_ring, serial_co_window_serial,
          co_window_paths_b, co_window_paths_b, co_window_paths_b,
          co_window_paths_b, co_window_of_opportunity_a, co_window_corner_cb,
          co_window_corner_b, co_window_of_opportunity_c, co_window_broadway_a,
          co_window_corner_b, co_window_cross_4, co_window_paths_e,
          glass_columns_c, glass_columns_a, glass_columns_b, glass_columns_a,
          glass_columns_a, minmay_tiny_reverse_x
D:2:      layout_basic, basic_altar, dreamdust_ecumenical_altar_statues
D:3:      kennysheep_slugbush, layout_basic, serial_shops, shop, shop_fountains,
          nicolae_lakefront_shop, st_stairs_12, minmay_splitting_lines,
          nrook_loot_triangle, uniq_robin

Skill      XL: |  1  2 |
---------------+-------+-----
Long Blades    | 4 5 |  5.7
Fighting       | |  3.2
Dodging        | |  4.0
Stealth        | |  2.1

Action                   || total
-------------------------++-------
Melee: Falchion          ||    92
  Use: Potion            ||     1
 Stab: Sleeping          ||     1
Armor: Robe              ||    10
Dodge: Dodged            ||    68

Table legend: (Time is in decaauts)
 A = Elapsed time spent in this place.
 B = Non-inter-level travel time spent in this place.
 C = Inter-level travel time spent in this place.
 D = Time resting spent in this place.
 E = Time spent auto-exploring this place.
 F = Levels seen in this place.
 G = Mean time per level.
                   A        B        C        D        E       F      G
               +--------+--------+--------+--------+--------+-----+--------+
         Total |    870 |    870 |      0 |      0 |    595 |   3 |  290.0 |
       Dungeon |    870 |    870 |      0 |      0 |    595 |   3 |  290.0 |
               +--------+--------+--------+--------+--------+-----+--------+

Top non-repeatable levels by time:
     D:1: 504 daAuts
     D:2: 215 daAuts
     D:3: 150 daAuts
